 Dungeon Crawl Stone Soup version 0.30.0 (webtiles) character file.

Game seed: 16455803757784174708

38 dialectric the Cudgeller (level 3, -13/29 HPs)
             Began as a Demonspawn Chaos Knight on May 5, 2023.
             Was a Plaything of Xom.
             Killed from afar by a lindwurm (glowing shapeshifter) (22 damage)
             ... with a blast of flame
             ... on level 2 of the Dungeon.
             The game lasted 00:01:03 (818 turns).

dialectric the Cudgeller (Demonspawn Chaos Knight)   Turns: 818, Time: 00:01:04

Health: -13/29     AC:  5    Str: 14    XL:     3   Next: 25%
Magic:  3/3        EV: 11    Int: 13    God:    Xom [..*...]
Gold:   55         SH:  0    Dex: 12    Spells: 2/2 levels left

rFire   . . .        a - +0 mace (chaos)
rCold   . . .        (no shield)
rNeg    . . .        b - +2 leather armour
rPois   .            (no helmet)
rElec   .            (no cloak)
rCorr   .            (no gloves)
SInv    .            (no boots)
Will    .....        (no amulet)
Stlth   +            (no ring)
HPRegen 0.24/turn    (no ring)
MPRegen 0.08/turn

%: no passive effects
@: no status effects
A: powered by death 1
a: Renounce Religion


You were on level 2 of the Dungeon.
You worshipped Xom.
You were a toy of Xom.
You visited 1 branch of the dungeon, and saw 2 of its levels.

You collected 55 gold pieces.

Inventory:

Hand Weapons
 a - a +0 mace of chaos (weapon)
Armour
 b - a +2 leather armour (worn)
Scrolls
 d - a scroll of acquirement {unknown}
 e - a scroll of silence {unknown}
 g - 3 scrolls of enchant armour {unknown}
 h - a scroll of poison {unknown}
 i - a scroll of teleportation {unknown}
 k - a scroll of immolation {unknown}
 l - a scroll of identify {unknown}
Potions
 f - a potion of curing {unknown}
 j - a potion of attraction {unknown}
Miscellaneous
 c - a piece from Xom's chessboard (15/15) (quivered)


   Skills:
 + Level 3.3 Fighting
 + Level 3.3 Maces & Flails
 + Level 2.1 Armour
 * Level 1.4 Dodging
 + Level 0.1 Stealth


You had 2 spell levels left.
You didn't know any spells.
Your spell library was empty.

Dungeon Overview and Level Annotations

Branches:
Dungeon (2/15)

Altars:


Innate Abilities, Weirdness & Mutations

You regenerate a little health from kills.


Message History

You hit the bat. You freeze the bat.
You kill the bat!
No target in view!
No target in view!
No target in view!
No target in view!
No target in view!
No target in view!
Found a scroll labelled CYUBLOAXTE.
k - a scroll labelled DOPLY YFFICH
l - a scroll labelled CYUBLOAXTE You open the door.
A hobgoblin comes into view.
The hobgoblin barely misses you.
There is an open door here.
A hobgoblin is nearby!
You closely miss the hobgoblin.
The hobgoblin hits you but does no damage.
A hobgoblin is nearby!
A hobgoblin is nearby!
You closely miss the hobgoblin. The hobgoblin closely misses you.
The hobgoblin misses you.
You hit the hobgoblin.
The hobgoblin changes into a glowing shapeshifter!
Xom roars with laughter!
The glowing shapeshifter changes into an eye of devastation!
You hit the eye of devastation but do no damage.
You barely miss the eye of devastation.
You hit the eye of devastation but do no damage.
The eye of devastation changes into a lindwurm!
You hit the lindwurm but do no damage. You drain the lindwurm.
The lindwurm is lightly wounded.
You hit the lindwurm but do no damage.
The lindwurm is lightly wounded.
The lindwurm bites you! The lindwurm barely misses you. The lindwurm claws you.
The lindwurm breathes flames at you. The blast of flame hits you!!
Ouch! That really hurt!
You die...
Xom is highly amused!

#. #. ##.## ##. ... ..
# ... ##.## #....
#...# .#.## ###...###
... #....<..# #k#
#.......# ##@##
#.......# ##...##
##....### ##.....##
#....## ##.......##
###.#...####.........#
...........+......>..+
###....>..##.........#
#....##.###.......##
#.##.# .# ##.....##


You could see a lindwurm shaped shifter (catching breath, drained).

Vanquished Creatures
  An adder (D:2)
  A dart slug (D:1)
  3 endoplasms (D:1)
  2 goblins (D:1)
  3 hobgoblins (D:1)
  2 quokkas (D:1)
  2 ball pythons (D:1)
  5 bats
  A frilled lizard (D:1)
  5 kobolds (D:1)
  2 rats (D:1)
27 creatures vanquished.

Notes
Turn   | Place    | Note
-------+----------+-------------------------------------------
     0 | D:1      | dialectric the Demonspawn Chaos Knight began the quest for
                  | the Orb.
     0 | D:1      | Reached XP level 1. HP: 18/18 MP: 1/1
   137 | D:1      | Gained mutation: You regenerate a little health from kills.
                  | [demonic ancestry]
   137 | D:1      | Reached XP level 2. HP: 20/24 MP: 2/2
   319 | D:1      | Reached skill level 1 in Dodging
   399 | D:1      | XOM: butterfly on damage
   507 | D:1      | XOM: silly message
   569 | D:1      | XOM: silly message
   683 | D:1      | Found a faded altar of an unknown god.
   688 | D:1      | Reached XP level 3. HP: 29/29 MP: 3/3
   813 | D:2      | a hobgoblin changed into a glowing shapeshifter
   813 | D:2      | Noticed a glowing shapeshifter (glowing shapeshifter)
   813 | D:2      | a glowing shapeshifter changed into an eye of devastation
   813 | D:2      | Noticed an eye of devastation (glowing shapeshifter)
   816 | D:2      | an eye of devastation changed into a lindwurm
   816 | D:2      | Noticed a lindwurm (glowing shapeshifter)
   818 | D:2      | Killed from afar by a lindwurm (glowing shapeshifter)

Illustrated notes

Levels and vault maps discovered:
D:1:      ebering_trefoil_3fold, layout_loops_cross,
          ebering_ecumenical_altar_mist
D:2:      layout_loops_corners

Skill      XL: |  1  2 |
---------------+-------+-----
Armour         | 2 |  2.1
Maces & Flails | 3 |  3.3
Dodging        | 1 |  1.4
Fighting       | |  3.3
Stealth        | |  0.1

Action                     || total
---------------------------++-------
  Melee: Mace              ||   105
 Armour: Leather armour    ||    49
  Dodge: Dodged            ||    85
